AoeStats
← chewie1706

Arena

506426832Analyzed
2v2 RM · 18d ago on Sep 13, 2026· 56m 0s· 4 players
Game mode
Random Map
Map size
Medium (4 player)
Population
200
Speed
Normal
Resources
Standard
Victory
Conquest
Starting age
Dark Age
Ending age
Imperial Age
RankedLock teamsTeams togetherTeam positionsShared explorationLock speedFull tech treeHidden civsTurbo modeCheats
Victory
Defeat
🇫🇷 Bulgarians · France
1626
+17
🇫🇷 Teutons · France
1546
+21
🇩🇪 Bohemians · Germany
1652
-19
🇩🇪 Poles · Germany
1651
-19
maxnaks
10:28 Feudal Age
14:35 Castle Age
13:07 Double-Bit Axe
14:45 Horse Collar
15:19 Husbandry
16:31 Bow Saw
19:34 Heavy Plow
22:05 Loom
23:16 Wheelbarrow
22:26 Town Watch
26:34 Hand Cart
30:36 Imperial Age
28:44 Padded Archer Armor
28:58 Fortified Wall
29:51 Chemistry
28:54 Pikeman
29:35 Squires
29:36 Scale Mail Armor
31:02 Leather Archer Armor
31:03 Chain Mail Armor
30:59 Wagenburg Tactics
33:10 Ring Archer Armor
33:26 Conscription
32:55 Town Watch
32:53 Halberdier
34:31 Plate Mail Armor
34:12 Forging
37:08 Iron Casting
37:39 Coinage
39:31 Blast Furnace
39:03 Banking
38:44 Guilds
38:53 Elite Hussite Wagon
49:02 Treadmill Crane
49:35 Masonry
49:36 Siege Engineers
Kordiror
9:53 Feudal Age
10:02 Loom
12:27 Horse Collar
12:36 Double-Bit Axe
21:24 Castle Age
19:27 Fletching
19:51 Gold Mining
25:47 Imperial Age
24:03 Bodkin Arrow
25:03 Masonry
25:08 Scale Mail Armor
25:59 Bow Saw
29:56 Chain Mail Armor
31:10 Fortified Wall
32:34 Wheelbarrow
32:02 Heavy Plow
33:15 Arson
33:32 Squires
34:29 Forging
35:24 Padded Archer Armor
35:24 Bracer
35:20 Guard Tower
35:55 Ballistics
35:41 Crossbowman
37:37 Chemistry
36:54 Leather Archer Armor
36:51 Crossbowman
38:13 Thumb Ring
37:30 Arbalester
39:22 Elite Skirmisher
41:26 Treadmill Crane
43:34 Capped Ram
45:25 Scale Barding Armor
45:31 Forging
47:00 Chain Barding Armor
46:23 Light Cavalry
47:06 Husbandry
47:56 Bloodlines
47:48 Winged Hussar
48:52 Town Watch
49:50 Iron Casting
51:04 Hand Cart
52:16 Blast Furnace
54:39 Lechitic Legacy
chewie1706
6:28 Loom
8:45 Feudal Age
9:35 Double-Bit Axe
10:31 Fletching
12:24 Horse Collar
17:50 Wheelbarrow
17:00 Town Watch
17:34 Town Watch
22:26 Castle Age
21:07 Stone Mining
22:50 Gold Mining
23:40 Bow Saw
23:30 Heavy Plow
28:16 Imperial Age
27:54 Bodkin Arrow
30:02 Chemistry
29:32 Padded Archer Armor
31:38 Leather Archer Armor
34:07 Conscription
37:46 Ring Archer Armor
37:18 Scale Mail Armor
39:52 Chain Mail Armor
41:54 Stone Shaft Mining
43:58 Elite Skirmisher
46:00 Ballistics
46:34 Crenellations
46:26 Scale Barding Armor
46:33 Forging
47:32 Chain Barding Armor
48:27 Plate Barding Armor
48:28 Iron Casting
48:06 Bloodlines
47:17 Cavalier
48:38 Paladin
50:50 Blast Furnace
51:08 Crop Rotation
51:41 Two-Man Saw
53:02 Hoardings
55:58 Caravan
AGS.BlackKnight
10:35 Feudal Age
11:53 Horse Collar
14:29 Castle Age
12:29 Double-Bit Axe
19:50 Loom
22:43 Heavy Plow
23:14 Bow Saw
24:24 Wheelbarrow
23:35 Town Watch
24:35 Gold Mining
24:37 Stone Mining
25:52 Hand Cart
29:56 Imperial Age
27:29 Scale Mail Armor
27:39 Forging
28:08 Squires
27:53 Gambesons
28:46 Chain Mail Armor
29:07 Iron Casting
29:24 Arson
30:12 Capped Ram
31:05 Siege Ram
32:11 Conscription
33:05 Plate Mail Armor
33:37 Blast Furnace
32:43 Bagains
33:42 Crop Rotation
33:32 Fletching
35:06 Siege Engineers
36:02 Chemistry
36:07 Scale Barding Armor
36:00 Stirrups
35:55 Light Cavalry
36:46 Bloodlines
36:36 Husbandry
38:18 Coinage
37:49 Caravan
37:24 Hussar
38:57 Chain Barding Armor
38:33 Bodkin Arrow
40:02 Plate Barding Armor
40:33 Gold Shaft Mining
40:35 Stone Shaft Mining
41:03 Bracer
41:16 Masonry
45:24 Ballistics
45:35 Architecture
46:50 Banking
48:36 Padded Archer Armor
48:35 Murder Holes
52:56 Town Patrol
Connection lost

Rejoining the realm…

Still unreachable

The connection could not be restored.

Session expired

The server has moved on; the page needs a fresh start.